 Dungeon Crawl Stone Soup version 0.23-a0-241-g3b46b07 (webtiles) character file.

31 KristoblXynda the Sneak (level 3, -3/28 HPs)
             Began as a Naga Enchanter on Sept 27, 2018.
             Killed from afar by Sigmund (6 damage)
             ... with a magic dart
             ... on level 2 of the Dungeon.
             The game lasted 00:02:55 (1741 turns).

KristoblXynda the Sneak (Naga Enchanter)            Turns: 1741, Time: 00:02:55

Health: -3/28      AC:  2    Str: 19 (20) XL:     3   Next: 22%
Magic:  2/6        EV: 10    Int: 15 (16) God:
Gold:   43         SH:  0    Dex: 10 (11) Spells: 1/7 levels left

rFire    . . .     SeeInvis +   a - +1 dagger
rCold    . . .     Gourm    .   (no shield)
rNeg     . . .     Faith    .   b - +0 robe
rPois    +         Spirit   .   (no helmet)
rElec    .         Reflect  .   (no cloak)
rCorr    .         Harm     .   (no gloves)
MR       .....                  (no barding)
Stlth    +++.......             (no amulet)
HPRegen  0.09/turn              k - +5 ring of strength
MPRegen  0.10/turn              (no ring)

@: mighty, very slightly contaminated, very slow
A: large, see invisible, deformed body, poison resistance, slowness 2, slow
metabolism 1, spit poison 1, AC +1
a: Spit Poison


You were on level 2 of the Dungeon.
You were not hungry.

You visited 1 branch of the dungeon, and saw 2 of its levels.

You collected 43 gold pieces.

Inventory:

Hand Weapons
 a - a +1 dagger (weapon)
Armour
 b - a +0 robe (worn)
Jewellery
 k - a +5 ring of strength (left hand)
Scrolls
 c - a scroll of fog {unknown}
 f - a scroll of remove curse {unknown}
 h - 2 scrolls of identify {unknown}
 j - a scroll of fear {unknown}
Comestibles
 d - 2 rations
 l - 4 chunks of flesh


   Skills:
 - Level 1.0 Short Blades
 - Level 1.5 Dodging
 + Level 5.2 Stealth
 + Level 2.5 Spellcasting
 + Level 3.4 Hexes


You had one spell level left.
You knew the following spells:

 Your Spells              Type           Power        Failure   Level  Hunger
a - Corona                Hex            ##.....      5%          1    #......
b - Ensorcelled Hibernat  Hex/Ice        #.....       16%         2    ###....
c - Confuse               Hex            ##......     16%         3    ###....

Your spell library contained the following spells:

 Spells                   Type           Power        Failure   Level  Hunger
 Tukima's Dance           Hex            ##......     16%         3    ###....
 Dazzling Spray           Conj/Hex       #.....       30%         3    ###....


Dungeon Overview and Level Annotations

Branches:
Dungeon (2/15)

Altars:

Annotations:
D:2 Sigmund


Innate Abilities, Weirdness & Mutations

You cannot wear boots.
Your serpentine skin is tough. (AC +1)
You have supernaturally acute eyesight. (SInv)
Armour fits poorly on your strangely shaped body.
Your system is resistant to poisons. (rPois)
You cover ground very slowly.
You have a slow metabolism.
You can spit poison.


Message History

The hobgoblin hits you with a club.
* * * LOW HITPOINT WARNING * * *
Sigmund closely misses you.
Unknown command.
You bump into the rock wall.
The hobgoblin barely misses you.
Unknown command.
You bump into the rock wall.
Sigmund hits you but does no damage. The hobgoblin closely misses you.
Unknown command.
You hit Sigmund.
Sigmund is severely wounded.
The hobgoblin barely misses you. Sigmund barely misses you.
You're too confused to move!
The hobgoblin hits you but does no damage.
Unknown command.
You bump into the rock wall.
You feel less confused. Sigmund gestures at you while chanting.
The magic dart hits you!
You die...

#.###.........# #
#..#####.######
#.#.........# ##+
#....####)#.#
....#...).....#.#
..?'.####.##.#.#
#..!...#..#.#
###g####.##.##
#@# .. #..# #@#
.# ##.# #.# #.
#..# ..# #.## ..#
#.# ...' #.##
...# #..# ....#
##.# #..#


You could see Sigmund and a hobgoblin.

Vanquished Creatures
  An ooze (D:1)
  2 leopard geckos (D:1)
  5 bats
  2 goblins (D:1)
  3 hobgoblins
  A ball python (D:2)
  3 frilled lizards
  7 kobolds
  A rat (D:2)
25 creatures vanquished.

Notes
Turn   | Place    | Note
-------+----------+-------------------------------------------
     0 | D:1      | KristoblXynda the Naga Enchanter began the quest for the
                  | Orb.
     0 | D:1      | Reached XP level 1. HP: 15/15 MP: 3/3
   173 | D:1      | Reached XP level 2. HP: 6/22 MP: 5/5
   392 | D:1      | Learned a level 2 spell: Ensorcelled Hibernation
   957 | D:1      | Reached skill level 5 in Stealth
  1434 | D:2      | Reached XP level 3. HP: 28/28 MP: 6/6
  1440 | D:2      | Learned a level 3 spell: Confuse
  1644 | D:2      | Noticed Sigmund
  1741 | D:2      | Killed from afar by Sigmund

Vault maps used:
D:1:      erik_arrival_cave_to_civilisation, solitary_fountain
D:2:      minmay_tetromino_i2, uniq_jessica, uniq_sigmund

Skill      XL: |  1  2 |
---------------+-------+-----
Stealth        | 5 |  5.2
Short Blades   | |  1.0
Dodging        | |  1.5
Spellcasting   | |  2.5
Hexes          | |  3.4

Action                   || total
-------------------------++-------
Melee: Dagger            ||    51
 Cast: Ensorcelled Hiber ||     8
 Abil: Spit Poison       ||     5
  Use: Potion            ||     3
 Stab: Sleeping          ||    11
  Eat: Chunk             ||     2
Armor: Robe              ||    16
Dodge: Dodged            ||    36

Table legend:
 A = Non-vault XP
 B = Vault XP
 C = Vault XP percentage of total XP
 D = Non-vault monster count
 E = Vault monster count
 F = Vault count percentage of total count
                 A         B        C        D         E       F
            +---------+---------+-------+---------+---------+-------
      Total |      39 |       6 |  13.3 |      22 |       3 |  12.0
            +---------+---------+-------+---------+---------+-------
        D:1 |      28 |       5 |  15.2 |      15 |       2 |  11.8
        D:2 |      11 |       1 |   8.3 |       7 |       1 |  12.5
            +---------+---------+-------+---------+---------+-------
